 Dungeon Crawl Stone Soup version 0.19.5 (webtiles) character file.

145 equalderp2856 the Sneak (level 5, 0/22 HPs)
             Began as a Felid Ice Elementalist on Apr 1, 2017.
             Slain by a reaper
             ... wielding a +3 scythe of distortion
             ... created by miscasting Summon Ice Beast
              (22 damage)
             ... on level 3 of the Dungeon.
             The game lasted 00:11:55 (4821 turns).

equalderp2856 the Sneak (Felid Ice Elementalist)    Turns: 4821, Time: 00:11:55

Health: 0/22       AC:  2    Str:  4    XL:     5   Next: 6%
Magic:  5/9        EV: 20    Int: 16    God:
Gold:   199        SH:  0    Dex: 19    Spells: 2 memorised, 3 levels left
                                        Lives:  0   Deaths: 1

rFire  . . .     SeeInvis +       - Unarmed
rCold  . . .     Gourm    .     (armour unavailable)
rNeg   . . .     Faith    .     (shield unavailable)
rPois  .         Spirit   .     (helmet unavailable)
rElec  .         Reflect  .     (cloak unavailable)
rCorr  .         Harm     .     (gloves unavailable)
MR     +....                    (boots unavailable)
Stlth  ++++......               (no amulet)
                                (no ring)
                                p - ring of protection from magic

@: very slightly contaminated, quick
A: no armour, no weapons or thrown items, stealth, claws 1, fangs 3, see
invisible, carnivore 3, speed 1, shaggy fur 2, slow metabolism 1, sharp paws
a: no special abilities


You were on level 3 of the Dungeon.
You were not hungry.

You visited 1 branch of the dungeon, and saw 4 of its levels.

You collected 199 gold pieces.

Inventory:

Missiles
 u - 18 stones
Jewellery
 p - a ring of protection from magic (left paw)
 q - a cursed amulet of faith {unknown}
Scrolls
 g - 3 scrolls of identify {unknown}
 j - a scroll of enchant armour {unknown}
 k - a scroll of blinking {unknown}
 o - a scroll of recharging {unknown}
 r - 2 scrolls of fog {unknown}
 s - a scroll of magic mapping {unknown}
 t - a scroll of immolation {unknown}
Potions
 c - 2 potions of might {unknown}
 e - a potion of flight {unknown}
 f - 2 potions of curing
 h - a potion of cure mutation {unknown}
 i - a potion of heal wounds {unknown}
 l - a potion of magic {unknown}
 m - a potion of degeneration {unknown}
 n - 2 potions of invisibility {unknown}
 v - a potion of resistance {unknown}
Books
 a - a book of Frost

   Spells                             Type                      Level
   a - Freeze                         Ice                          1
   b - Throw Frost                    Conjuration/Ice              2
   c - Ozocubu's Armour               Charms/Ice                   3
   d - Throw Icicle                   Conjuration/Ice              4
   e - Summon Ice Beast               Ice/Summoning                4
Comestibles
 b - 2 meat rations
 d - a royal jelly


   Skills:
 * Level 2.1 Fighting
 * Level 4.2 Dodging
 * Level 6.5 Stealth
 * Level 2.4 Unarmed Combat
 - Level 2.0 Spellcasting
   Level 0.8 Conjurations
 - Level 2.6 Ice Magic


You had 3 spell levels left.
You knew the following spells:

 Your Spells              Type           Power        Failure   Level  Hunger
a - Freeze                Ice            ##..         10%         1    #......
b - Summon Ice Beast      Ice/Summ       #.......     96%         4    #####..


Dungeon Overview and Level Annotations

Branches:
Dungeon (4/15)
 Temple: D:4-7

Altars:
Uskayaw
Zin

Annotations:
D:4 Blork the orc


Innate Abilities, Weirdness & Mutations

You cannot wear armour.
You are incapable of wielding weapons or throwing items.
Your paws allow you to move quietly. (Stealth)
You have sharp claws.
You have razor-sharp teeth.
You have supernaturally acute eyesight. (SInv)
You are carnivorous and can eat meat at any time.
You cover ground quickly.
You are covered in thick fur. (AC +2)
You have a slow metabolism.
Your sharp claws are effective at attacking unaware monsters.


Message History

You start resting.
HP restored.
Casting: Freeze
Confirm with . or Enter, or press ? or * to list all spells.
Okay, then.
Unknown command.
You climb upwards.
There is a stone staircase leading down here.
You climb downwards.
There is a stone staircase leading up here.
Casting: Freeze
Confirm with . or Enter, or press ? or * to list all spells.
The spell is very dangerous to cast!
Continue anyway?
You miscast Summon Ice Beast.
You are very lightly contaminated with residual magic.
You sense a hostile presence.
A reaper comes into view. It is wielding a scythe of distortion.
The reaper hits you from afar with a scythe of distortion!!
Ouch! That really hurt!
You die...

.>...# .....# #########
.....# #.......#
##.######## #.#####.#
##.####...# #.##....##
..........# #........#
..........######.#...###
..............2%.##....#
...###)......#).@###.#.#
...# #.......#.### #.#.#
...# #.......#.# #...#
...# #.......#.# #.#.#
.#.# #########.# #...#
.#.# #....# #.### ...#
#.##.# #.# #..# #.##.#
### #..# #....####


You could see a reaper.

Vanquished Creatures
  A centaur skeleton (D:4)
  Ijyb (D:2)
  A worker ant (D:4)
  9 adders
  2 gnolls
  An ooze (D:2)
  A worm (D:3)
  5 dart slugs
  2 leopard geckos
  2 orcs (D:3)
  9 bats
  4 giant cockroaches
  13 goblins
  3 hobgoblins
  4 jackals (D:3)
  5 kobolds
  3 quokkas (D:3)
  A ball python (D:1)
  8 frilled lizards
  13 rats
88 creatures vanquished.

Notes
Turn   | Place    | Note
-------+----------+-------------------------------------------
     0 | D:1      | equalderp2856 the Felid Ice Elementalist began the quest for the Orb.
     0 | D:1      | Reached XP level 1. HP: 7/7 MP: 4/4
   207 | D:1      | Reached skill level 1 in Fighting
   207 | D:1      | Reached XP level 2. HP: 12/12 MP: 0/6
   542 | D:1      | Reached skill level 3 in Stealth
   618 | D:1      | Reached skill level 1 in Unarmed Combat
   867 | D:1      | Reached XP level 3. HP: 10/15 MP: 4/7
  1247 | D:2      | Reached skill level 4 in Stealth
  1599 | D:2      | Reached XP level 4. HP: 17/19 MP: 3/8
  1711 | D:2      | Noticed Ijyb
  1802 | D:2      | Killed Ijyb
  1998 | D:2      | Reached skill level 5 in Stealth
  2007 | D:2      | Found a glowing silver altar of Zin.
  2009 | D:2      | Found a hide-covered altar of Uskayaw.
  2641 | D:2      | Reached XP level 5. HP: 22/22 MP: 9/9
  3892 | D:3      | Reached skill level 6 in Stealth
  3918 | D:4      | Noticed Blork the orc
  3940 | D:4      | HP: 1/22 [centaur skeleton (4)]
  4397 | D:4      | Noticed a slave
  4399 | D:4      | Noticed a slave
  4413 | D:4      | Gained mutation: You are covered in thick fur. (AC +2) [Felid growth]
  4413 | D:4      | Reached XP level 6. HP: 23/26 MP: 4/10
  4628 | D:2      | Learned a level 4 spell: Summon Ice Beast
  4629 | D:2      | Noticed an Ice Fiend
  4630 | D:2      | Killed from afar by an Ice Fiend
  4631 | D:2      | Reached XP level 5. HP: -34/22 MP: 2/9
  4820 | D:3      | Noticed a reaper
  4821 | D:3      | Slain by a reaper

Skill      XL: |  1  2  3  4  5 |
---------------+----------------+-----
Dodging        | 3 4 |  4.2
Fighting       | 1 2 |  2.1
Stealth        | 3 4 5 6 |  6.5
Unarmed Combat | 1 2 |  2.4
Spellcasting   | |  2.0
Conjurations   | |  0.8
Ice Magic      | |  2.6

Action                   |  1- 3 |  4- 6 || total
-------------------------+-------+-------++-------
Melee: Unarmed           |    17 |    51 ||    68
       Bite              |       |     1 ||     1
 Cast: Freeze            |    48 |    94 ||   142
  Use: Potion            |       |     1 ||     1
 Stab: Sleeping          |     3 |     8 ||    11
       Distracted        |       |     2 ||     2
  Eat: Chunk             |     4 |    11 ||    15
Armor: Skin              |     3 |    10 ||    13
Dodge: Dodged            |    43 |   108 ||   151
